 Dungeon Crawl Stone Soup version 0.25.0 (webtiles) character file.

Game seed: 10548876354413346856

1724 Froggeryz the Cleaver (level 8, 0/106 HPs)
             Began as a Minotaur Berserker on June 12, 2020.
             Was an Elder of Trog.
             Slain by Harold
             ... wielding a +1 vorpal hand axe
              (3 damage)
             ... on level 7 of the Dungeon.
             The game lasted 00:06:34 (6504 turns).

Froggeryz the Cleaver (Minotaur Berserker)          Turns: 6504, Time: 00:06:35

Health: 0/106      AC:  6    Str: 24    XL:     8   Next: 75%
Magic:  7/7        EV: 11    Int:  4    God:    Trog [****..]
Gold:   220        SH:  0    Dex: 10    Spells: 7/7 levels left

rFire    . . .     SeeInvis +   a - +1 hand axe
rCold    . . .     Gourm    .   (no shield)
rNeg     . . .     Faith    .   g - +0 ring mail
rPois    .         Spirit   .   (helmet restricted)
rElec    .         Reflect  .   s - +0 cloak
rCorr    +         Harm     .   (no gloves)
MR       .....                  (no boots)
Stlth    ..........             (no amulet)
HPRegen  0.27/turn              r - ring of resist corrosion
MPRegen  0.10/turn              t - ring of see invisible

@: berserking, marked, very quick
A: retaliatory headbutt, horns 2
a: Berserk, Trog's Hand, Brothers in Arms, Renounce Religion


You were on level 7 of the Dungeon.
You worshipped Trog.
Trog was greatly pleased with you.
You were very hungry.

You visited 2 branches of the dungeon, and saw 8 of its levels.

You collected 220 gold pieces.

Inventory:

Hand Weapons
 a - a +1 hand axe (weapon)
Missiles
 o - 2 throwing nets (quivered)
Armour
 g - a +0 ring mail (worn)
 s - a +0 cloak (worn)
Jewellery
 r - a ring of resist corrosion (left hand)
 t - a ring of see invisible (right hand)
Wands
 q - a wand of acid (8)
Scrolls
 f - a scroll of remove curse
 l - a scroll of identify
 w - a scroll of fog
Potions
 b - 2 potions of resistance
 d - 7 potions of heal wounds
 e - 2 potions of magic {unknown}
 h - 3 potions of curing {unknown}
 i - a potion of flight {unknown}
 j - 2 potions of lignification {unknown}
 k - 3 potions of berserk rage
 m - a potion of might {unknown}
 n - a potion of ambrosia {unknown}
 p - a potion of stabbing {unknown}
 u - 2 potions of mutation {unknown}
Comestibles
 c - 11 rations


   Skills:
 + Level 6.7 Fighting
 * Level 12.3 Axes
 - Level 2.4 Armour
 - Level 2.1 Dodging


You had 7 spell levels left.
You didn't know any spells.
Your spell library was empty.

Dungeon Overview and Level Annotations

Branches:
Dungeon (7/15)             Temple (1/1) D:4

Altars:
Nemelex Xobeh

Annotations:
D:7 Harold


Innate Abilities, Weirdness & Mutations

You reflexively headbutt those who attack you in melee.
You have a pair of horns on your head.


Message History

Harold is heavily wounded.
You closely miss Harold.
Harold is heavily wounded.
Harold hits you with a +1 vorpal hand axe.
* * * LOW HITPOINT WARNING * * *
x2 You hit Harold.
You headbutt Harold!
Harold is severely wounded.
You completely miss Harold.
Harold is severely wounded.
Harold hits you with a +1 vorpal hand axe!
* * * LOW HITPOINT WARNING * * *
x2 You hit Harold.
You headbutt Harold.
Harold is severely wounded.
You hit Harold but do no damage. Your headbutt misses Harold.
Harold is severely wounded.
You barely miss Harold.
Harold is severely wounded.
Harold hits you with a +1 vorpal hand axe!
* * * LOW HITPOINT WARNING * * *
You die...

#.................
#......................
#......................
##......................
#.......................
#....<..................
#.......................
#..<....................
#..........((...@@......
#.....>.................
........................
........................
#.#......####...########
######## #####


You could see Harold.

Vanquished Creatures
  A two-headed ogre (D:6)
  An ice beast (D:6)
  2 ogres
  A scorpion (D:6)
  A crimson imp (D:6)
  A howler monkey (D:5)
  A jelly (D:7)
  3 hounds
  Crazy Yiuf (D:4)
  An orc wizard (D:4)
  An orc priest (D:4)
  A bullfrog skeleton (D:5)
  A centaur skeleton (D:3)
  An iguana (D:4)
  Natasha (thrice) (D:2)
  2 worker ants
  A hound zombie (D:7)
  Robin (D:3)
  3 gnolls (D:3)
  10 adders
  2 shadow imps (D:6)
  An ooze (D:2)
  An adder zombie (D:6)
  A worm (D:2)
  3 dart slugs
  5 leopard geckos
  14 orcs
  5 bats
  5 giant cockroaches
  19 goblins
  4 hobgoblins
  12 jackals
  9 kobolds
  A quokka (D:4)
  4 ball pythons
  6 frilled lizards
  A giant cockroach zombie (D:6)
  A jackal skeleton (D:4)
  A quokka skeleton (D:4)
  A quokka zombie (D:6)
  9 rats
142 creatures vanquished.

Notes
Turn   | Place    | Note
-------+----------+-------------------------------------------
     0 | D:1      | Froggeryz the Minotaur Berserker began the quest for the
                  | Orb.
     0 | D:1      | Reached XP level 1. HP: 19/19 MP: 0/0
   144 | D:1      | Reached skill level 4 in Axes
   238 | D:1      | Reached XP level 2. HP: 10/26 MP: 1/1
   585 | D:1      | Reached skill level 5 in Axes
   821 | D:1      | Reached XP level 3. HP: 24/31 MP: 2/2
   822 | D:1      | Reached ** piety under Trog
  1328 | D:2      | Noticed Natasha
  1339 | D:2      | Killed Natasha
  1339 | D:2      | Reached skill level 6 in Axes
  1339 | D:2      | Reached XP level 4. HP: 39/39 MP: 3/3
  1441 | D:2      | Noticed Natasha
  1457 | D:2      | Killed Natasha
  1535 | D:2      | Noticed Natasha
  1541 | D:2      | Killed Natasha
  1541 | D:2      | Reached XP level 5. HP: 27/45 MP: 4/4
  1692 | D:2      | Reached skill level 7 in Axes
  2721 | D:3      | Reached skill level 8 in Axes
  3289 | D:3      | Reached *** piety under Trog
  3290 | D:3      | Noticed Robin
  3301 | D:3      | Killed Robin
  3301 | D:3      | Reached XP level 6. HP: 49/51 MP: 5/5
  3971 | D:4      | Reached skill level 9 in Axes
  4142 | D:4      | Found a staircase to the Ecumenical Temple.
  4176 | Temple   | Entered the Ecumenical Temple
  4356 | D:4      | Reached XP level 7. HP: 57/57 MP: 6/6
  4531 | D:4      | Found a runed translucent door.
  4532 | D:4      | Noticed Crazy Yiuf
  4538 | D:4      | Killed Crazy Yiuf
  4677 | D:5      | Entered Level 5 of the Dungeon
  4805 | D:5      | Reached skill level 10 in Axes
  5030 | D:5      | Reached **** piety under Trog
  5442 | D:6      | Noticed a two-headed ogre
  5450 | D:6      | Killed a two-headed ogre
  5450 | D:6      | Reached skill level 5 in Fighting
  5450 | D:6      | Reached skill level 11 in Axes
  5450 | D:6      | Reached XP level 8. HP: 70/70 MP: 7/7
  5988 | D:6      | Found a sparkling altar of Nemelex Xobeh.
  6131 | D:6      | Reached skill level 12 in Axes
  6482 | D:7      | Noticed Harold
  6504 | D:7      | HP: 3/106 [Harold/+1 vorpal hand axe (7)]
  6504 | D:7      | Slain by Harold

Illustrated notes

Levels and vault maps discovered:
D:1:      wander_arrival_desolate, layout_rooms
D:2:      cheibrodos_helix_gallery, layout_basic, uniq_natasha
D:3:      layout_loops_ring, first_ration, uniq_robin
D:4:      layout_basic, minmay_temple_entry_large_hall, uniq_crazy_yiuf_cottage
D:5:      layout_rooms
D:6:      layout_basic, hangedman_abyss_or_decor_lesser_grid,
          nemelex_diamond_rough_becter
D:7:      layout_cave_pods, serial_shops, kennysheep_mini_moat,
          chequers_serial_rivers_marsh, minmay_shop_mayhem, serial_bayou_pond_d,
          uniq_harold
Temple:   dpeg_five_rooms_temple

Skill      XL: |  1  2  3  4  5  6  7  8 |
---------------+-------------------------+-----
Axes           | 4 5 6 8 9 11 12 | 12.3
Fighting       | 5 6 |  6.7
Armour         | |  2.4
Dodging        | |  2.1

Action                   |  1- 3 |  4- 6 |  7- 9 || total
-------------------------+-------+-------+-------++-------
Melee: Hand axe          |    67 |   170 |   177 ||   414
       Headbutt          |    10 |    18 |    23 ||    51
Invok: Berserk           |     1 |     5 |     4 ||    10
  Use: Potion            |     1 |       |       ||     1
       Scroll            |       |     7 |     9 ||    16
  Eat: Chunk             |     1 |    16 |     9 ||    26
Armor: Animal skin       |    12 |     5 |       ||    17
       Ring mail         |       |    36 |    42 ||    78
Dodge: Dodged            |    54 |   100 |    75 ||   229
